cohdb
Replays
Latest Replays
All Replays
Popular Replays
Top Player Replays
Match Explorer
How It Works
Community
CoH3 Stats
Reddit
Sign in to upload your games and track your stats! →
Sign in with Steam
Match 41388403
Unlisted
Match 41388403
Overview
Messages
Build Orders
End
Construct Infanterie Kompanie
Selects Italian Coastal Battlegroup
Selects Coastal Reserves
MG 42 Machine Gun Team
Coastal Reserve
Coastal Reserve
Construct Panzergrenadier Kompanie
Selects Artillery Officer
Artillery Officer
Infanterie Officer Quarters
GrW 34 Mortar Team
Construct Panzergrenadier Kompanie
MG 42 Machine Gun Team
Medical Bunker
Pak 40 Anti-tank Gun Team
Selects Support Bunkers
Selects Designated Artillery Overwatch
Designated Artillery Overwatch
Support Elements
Nebelwerfer 42 Rocket Launcher Team
MG 42 Bunker
水银灯
Gear-IV-G
ForestJun
Lero
Gonta
七彩斑斓的牛头人战士
Suckobert
Lord Curzon
0
0
Comments
sign in to comment!
No comments posted yet!